 Dungeon Crawl Stone Soup version 0.18.1-50-g88ac8fd (webtiles) character file.

8989 theRoog the Spear-Bearer (level 11, -5/111 HPs)
             Began as a Minotaur Berserker on Oct 31, 2016.
             Was a High Priest of Trog.
             Slain by a six-headed hydra (8 damage)
             ... on level 11 of the Dungeon.
             The game lasted 00:20:14 (8124 turns).

theRoog the Spear-Bearer (Minotaur Berserker)       Turns: 8124, Time: 00:20:15

Health: -5/111     AC: 29    Str: 26    XL:     11   Next: 17%
Magic:  0/10       EV:  9    Int:  4    God:    Trog [*****.]
Gold:   554        SH:  7    Dex:  9    Spells: 0 memorised, 10 levels left

rFire  x . .     SeeInvis .     r - +6 trident (protect)
rCold  + . .     Gourm    .     L - +7 plate armour
rNeg   . . .     Faith    .     o - +2 buckler
rPois  +         Spirit   +     (helmet restricted)
rElec  .         Dismiss  .     v - +0 cloak
rCorr  .         Reflect  .     (no gloves)
SustAt .         Harm     .     x - +0 pair of boots
MR     ++...                    w - amulet of guardian spirit
Stlth  ..........               O - ring of poison resistance
                                A - ring of ice

@: lethally poisoned (-5 -> -6), exhausted, regenerating, slowed, very slow,
very resistant to hostile enchantments, extremely unstealthy
A: retaliatory headbutt, horns 2, robust 1
a: Berserk, Trog's Hand, Brothers in Arms, Burn Spellbooks, Renounce Religion


You were on level 11 of the Dungeon.
You worshipped Trog.
Trog was extremely pleased with you.
You were not hungry.

You visited 1 branch of the dungeon, and saw 11 of its levels.

You collected 740 gold pieces.
You spent 186 gold pieces at shops.

Inventory:

Hand Weapons
 a - a +0 spear
 b - the +5 dagger of Parts Unknown {pierce, rC+ Int+3 Dex+3}
   (You found it on level 10 of the Dungeon)

   It inflicts extra damage upon your enemies.
   It affects your intelligence (+3).
   It affects your dexterity (+3).
   It protects you from cold.
 l - a cursed -1 glaive
 r - a +6 trident of protection (weapon)
 D - a +0 shortbow
Missiles
 E - 87 arrows
Armour
 m - the +0 scale mail of Death Resistance {Int+5 Dex+3 SInv}
   (You found it on level 8 of the Dungeon)

   It affects your intelligence (+5).
   It affects your dexterity (+3).
   It lets you see invisible.
 o - a +2 buckler (worn)
 v - a +0 cloak (worn)
 x - a +0 pair of boots (worn)
 z - a +0 chain mail
 L - a +7 plate armour (worn)
Magical Staves
 y - an uncursed staff of poison {unknown}
Jewellery
 w - an amulet of guardian spirit (around neck)
 A - a ring of ice (left hand)
 G - an uncursed amulet of magic regeneration
 O - a ring of poison resistance (right hand)
Wands
 k - a wand of digging (12/24)
 F - a wand of slowing (13/48)
 H - a wand of teleportation (6/9)
Scrolls
 d - 5 scrolls of teleportation
 e - 5 scrolls of identify
 g - a scroll of summoning
 i - 6 scrolls of remove curse
 p - a scroll of fog
 t - 7 scrolls of magic mapping
 B - 2 scrolls of amnesia
 C - a scroll of fear
Potions
 f - a potion of magic
 s - a potion of haste
 u - a potion of cancellation
 M - 2 potions of curing
Comestibles
 c - 2 bread rations
 h - a beef jerky
 j - 4 fruits
 q - 5 meat rations


   Skills:
 + Level 10.4 Fighting
 + Level 12.2 Polearms
 + Level 9.6 Armour
 + Level 6.4 Dodging
 + Level 1.0 Stealth
 + Level 8.0 Shields


You had 10 spell levels left.
You didn't know any spells.

Dungeon Overview and Level Annotations

Branches:
Dungeon (11/15)            Temple (0/1) D:7
   Lair: D:8-11         Orc: D:9-12

Altars:
Elyvilon
Gozag
Pakellas

Shops:
D:4 %:(   D:6 *?*(%   D:10 *((=


Innate Abilities, Weirdness & Mutations

You reflexively headbutt those who attack you in melee.
You have a pair of horns on your head.
You are robust (+10% HP).


Message History

The ogre barely misses you.
You block the six-headed hydra's attack.
The six-headed hydra bites you but does no damage. x2
The six-headed hydra bites you!
* * * LOW HITPOINT WARNING * * *
The six-headed hydra bites you but does no damage. x2
The troll bites you but does no damage. The troll barely misses you. x2
The centaur skeleton barely misses you.
An orc comes into view. It is wielding a falchion.
You feel sick.
The centaur skeleton closely misses you.
The centaur skeleton hits you but does no damage.
You block the six-headed hydra's attack.
The six-headed hydra closely misses you.
The six-headed hydra bites you but does no damage.
The six-headed hydra closely misses you.
The six-headed hydra bites you!
* * * LOW HITPOINT WARNING * * *
The six-headed hydra bites you!
You die...

##.. ....
..%...!.. ....
........# ....
........#########
....
................#
....
..........[....#
....
....O.........#
....
###ZY........#
....
#.@DY........#
....
#.##TC(....###
...... #..
#.......# .....##
. ...#......####
.......
........###.... #
##..##..####.##
##.#.. ###..#...
# .##.# .......
.# .# ##..K#


You could see a six-headed hydra, a cyclops, a troll, an ogre, 2 sheep and a
centaur skeleton.

Vanquished Creatures
  Josephine (D:11)
  The ghost of Autismocles the Basher, a novice MiFi of Okawaru (D:9)
  A hill giant (D:11)
  An elephant (D:11)
  A troll (D:11)
  A two-headed ogre (D:11)
  4 wraiths (D:11)
  A hippogriff (D:10)
  3 yaks (D:11)
  A hungry ghost (D:4)
  A soldier ant (D:11)
  4 orc warriors
  3 sky beasts
  An ice beast (D:8)
  4 phantoms
  3 ogres
  A necrophage (D:10)
  4 centaurs
  A crocodile (D:10)
  2 big kobolds
  A giant frog (D:7)
  3 scorpions
  A water moccasin skeleton (D:7)
  16 killer bees
  4 howler monkeys
  A crimson imp (D:5)
  2 centaur zombies
  2 giant frog zombies (D:5)
  A wasp zombie (D:11)
  A quasit (D:7)
  2 hounds
  2 centaur skeletons
  3 orc wizards
  6 orc priests
  6 giant frog skeletons
  3 iguanas
  7 worker ants
  A sheep (D:11)
  A hound zombie (D:7)
  A hound skeleton (D:11)
  A worker ant zombie (D:8)
  9 adders
  7 gnolls
  A howler monkey skeleton (D:10)
  A shadow imp (D:9)
  2 oozes
  4 adder skeletons
  A worm (D:3)
  3 dart slugs
  8 giant geckos
  37 orcs
  8 giant cockroaches
  4 goblins
  2 hobgoblins
  6 jackals
  18 kobolds
  5 quokkas
  A ball python (D:4)
  A giant gecko skeleton (D:4)
  A giant gecko zombie (D:5)
  5 giant newts
  3 rats
  A fungus (D:2)
232 creatures vanquished.

Vanquished Creatures (others)
  3 fungi (D:11)
3 creatures vanquished.

Grand Total: 235 creatures vanquished

Notes
Turn   | Place    | Note
--------------------------------------------------------------
     0 | D:1      | theRoog the Minotaur Berserker began the quest for the Orb.
     0 | D:1      | Reached XP level 1. HP: 19/19 MP: 0/0
   240 | D:1      | Reached XP level 2. HP: 27/27 MP: 1/1
  1117 | D:2      | Reached skill level 4 in Polearms
  1117 | D:2      | Reached XP level 3. HP: 33/33 MP: 2/2
  1173 | D:2      | Reached ** piety under Trog
  1653 | D:3      | Reached XP level 4. HP: 34/41 MP: 3/3
  2561 | D:4      | Noticed a phantom
  2587 | D:4      | Killed a phantom
  2587 | D:4      | Reached XP level 5. HP: 47/47 MP: 4/4
  2601 | D:4      | Found Hozusihe's Antique Weapon Shoppe.
  2638 | D:4      | Bought a runed trident for 66 gold pieces
  2754 | D:4      | Reached *** piety under Trog
  2759 | D:4      | Reached skill level 5 in Polearms
  2759 | D:4      | Reached XP level 6. HP: 55/55 MP: 5/5
  2850 | D:4      | Found Udwair's Food Shop.
  2850 | D:4      | Noticed a hungry ghost
  2859 | D:4      | Killed a hungry ghost
  2859 | D:4      | Reached skill level 5 in Fighting
  2859 | D:4      | Reached skill level 1 in Shields
  2905 | D:4      | Found Pikimue's Book Boutique.
  3026 | D:5      | Entered Level 5 of the Dungeon
  3077 | D:5      | Reached XP level 7. HP: 57/61 MP: 6/6
  3160 | D:5      | Reached skill level 5 in Armour
  3258 | D:5      | Gained mutation: Your muscles are strong. (Str +2) [potion of mutation]
  3258 | D:5      | Gained mutation: You are robust (+10% HP). [potion of mutation]
  3258 | D:5      | Lost mutation: Your muscles are strong. (Str +2) [potion of mutation]
  3651 | D:5      | Reached skill level 6 in Polearms
  3775 | D:5      | Reached skill level 5 in Dodging
  3905 | D:5      | Found a white marble altar of Elyvilon.
  3999 | D:6      | Found Wete's Food Boutique.
  4026 | D:6      | Bought a meat ration for 60 gold pieces
  4026 | D:6      | Bought a meat ration for 60 gold pieces
  4107 | D:6      | Found Neirel's General Store.
  4165 | D:6      | Reached XP level 8. HP: 77/77 MP: 7/7
  4222 | D:6      | Found Emeix's Magic Scroll Shop.
  4263 | D:6      | Found an opulent altar of Gozag.
  4264 | D:6      | Found an oddly glowing altar of Pakellas.
  4334 | D:6      | Found Lyddaw's Assorted Antiques.
  4518 | D:6      | Found Zius's Antique Weapon Emporium.
  4576 | D:6      | Reached skill level 7 in Polearms
  4851 | D:7      | Reached **** piety under Trog
  5323 | D:7      | Reached skill level 8 in Polearms
  5559 | D:7      | Found a staircase to the Ecumenical Temple.
  5716 | D:8      | Reached XP level 9. HP: 73/86 MP: 5/8
  5996 | D:8      | Got a distressingly furry scale mail
  6041 | D:8      | Reached skill level 9 in Polearms
  6345 | D:9      | Noticed Autismocles's ghost (novice MiFi)
  6362 | D:9      | Killed Autismocles's ghost
  6362 | D:9      | Reached skill level 1 in Stealth
  6369 | D:9      | Reached ***** piety under Trog
  6903 | D:9      | Reached skill level 5 in Shields
  6962 | D:9      | Identified the +0 scale mail of Death Resistance {Int+5 Dex+3 SInv} (You found it on level 8 of the Dungeon)
  7130 | D:9      | Reached skill level 10 in Polearms
  7435 | D:10     | Entered Level 10 of the Dungeon
  7449 | D:9      | Reached XP level 10. HP: 98/99 MP: 9/9
  7605 | D:10     | Got an encrusted dagger
  7731 | D:10     | Found Suan's General Store.
  7769 | D:10     | Reached skill level 11 in Polearms
  7827 | D:10     | Found Gemolome's Antique Weapon Shoppe.
  7829 | D:10     | Found Ywkeu's Jewellery Emporium.
  7829 | D:10     | Found Veothrob's Weapon Shoppe.
  7870 | D:10     | Identified the +5 dagger of Parts Unknown {pierce, rC+ Int+3 Dex+3} (You found it on level 10 of the Dungeon)
  8028 | D:11     | Noticed Josephine
  8041 | D:11     | Killed Josephine
  8055 | D:11     | Reached skill level 10 in Fighting
  8076 | D:11     | Reached skill level 12 in Polearms
  8077 | D:11     | Noticed a death yak
  8086 | D:11     | Noticed a hill giant
  8090 | D:11     | Noticed an elephant
  8092 | D:11     | Reached XP level 11. HP: 108/108 MP: 7/10
  8099 | D:11     | Killed a hill giant
  8119 | D:11     | Noticed a six-headed hydra
  8124 | D:11     | HP: 3/111 [six-headed hydra (5)]
  8124 | D:11     | Slain by a six-headed hydra

Skill      XL: |  1  2  3  4  5  6  7  8  9 10 11 |
---------------+----------------------------------+-----
Fighting       | 4 5 6 7 8 10 | 10.4
Polearms       | 4 5 6 8 10 12 | 12.2
Armour         | 3 4 5 7 8 9 |  9.6
Dodging        | 3 4 5 6 |  6.4
Shields        | 1 2 3 5 7 8 |  8.0
Stealth        | 1 |  1.0

Action                   |  1- 3 |  4- 6 |  7- 9 | 10-12 || total
-------------------------+-------+-------+-------+-------++-------
Melee: Spear             |   114 |    44 |       |       ||   158
       Headbutt          |    16 |    16 |    46 |    34 ||   112
       Trident           |       |    86 |   320 |   211 ||   617
Invok: Burn Spellbooks   |       |     1 |     2 |       ||     3
       Berserk           |       |       |     2 |     1 ||     3
       Trog's Hand       |       |       |       |     1 ||     1
  Use: Potion            |       |     9 |     5 |     1 ||    15
       Scroll            |       |     5 |    16 |     3 ||    24
  Eat: Bread ration      |     1 |       |     3 |     1 ||     5
       Beef jerky        |       |     2 |     1 |       ||     3
       Pizza             |       |     2 |       |       ||     2
       Fruit             |       |       |     1 |       ||     1
Armor: Animal skin       |     2 |       |       |       ||     2
       Ring mail         |    16 |    26 |    11 |       ||    53
       Leather armour    |     2 |       |       |       ||     2
       Chain mail        |       |       |    68 |       ||    68
       Plate armour      |       |       |    65 |   202 ||   267
Dodge: Dodged            |    43 |    46 |   126 |    88 ||   303
Block: Buckler           |    11 |    19 |    75 |    92 ||   197
